 Dungeon Crawl Stone Soup version 0.30-a0-924-g0ad0bf95bc (webtiles) character file.

Game seed: 14070597500251186234

292 ZappyNine the Trooper (level 6, -2/62 HPs)
             Began as an Ogre Transmuter on Mar 22, 2023.
             Slain by a goblin
             ... wielding a +0 dagger
             ... led by Robin
              (3 damage)
             ... on level 3 of the Dungeon.
             The game lasted 00:03:58 (2471 turns).

ZappyNine the Trooper (Ogre Transmuter)             Turns: 2471, Time: 00:03:59

Health: -2/62      AC:  3    Str: 21    XL:     6   Next: 33%
Magic:  2/9        EV: 10    Int: 14    God:
Gold:   179        SH:  0    Dex: 11    Spells: 3/9 levels left

rFire   + . .      SeeInvis .      - Unarmed
rCold   . . .      Faith    .    (no shield)
rNeg    . . .      Spirit   .    a - +0 robe
rPois   .          Reflect  .    (helmet currently unavailable)
rElec   .          Rampage  .    (no cloak)
rCorr   .                        (gloves unavailable)
Will    .....                    (boots unavailable)
Stlth   +                        (no amulet)
HPRegen 0.30/turn                i - +6 ring of strength
MPRegen 0.11/turn                k - ring of protection from fire

@: appendages (expiring), wereblooded, attractive, very slightly contaminated
A: horns 2, talons 2, large, unfitting armour, tough skin 1
a: End Transformation


You were on level 3 of the Dungeon.
You had temporarily grown beastly horns and talons.
You visited 1 branch of the dungeon, and saw 3 of its levels.

You collected 179 gold pieces.

Inventory:

Armour
 a - a +0 robe (worn)
Jewellery
 i - a +6 ring of strength (left hand)
 k - a ring of protection from fire (right hand)
Scrolls
 b - a scroll of vulnerability {unknown}
 c - 2 scrolls of teleportation {unknown}
 f - a scroll of magic mapping {unknown}
 g - 2 scrolls of identify {unknown}
Potions
 d - a potion of heal wounds {unknown}
 e - a potion of mutation {unknown}
 h - a potion of flight {unknown}
 j - a potion of attraction
 l - a potion of resistance {unknown}
 m - a potion of curing {unknown}


   Skills:
 * Level 3.9 Fighting
 + Level 3.7 Dodging
 - Level 3.1 Unarmed Combat
 - Level 2.4 Spellcasting
 + Level 2.0 Transmutations
 - Level 2.9 Poison Magic


You had 3 spell levels left.
You knew the following spells:

 Your Spells              Type           Power      Damage    Failure   Level
a - Beastly Appendage     Tmut           14%        N/A       10%         1
b - Wereblood             Tmut           7%         N/A       16%         2
c - Spider Form           Tmut/Pois      8%         N/A       26%         3

Your spell library contained the following spells:

 Spells                   Type           Power      Damage    Failure   Level
 Sandblast                Erth           2%         2d4       22%         1
 Passwall                 Tmut/Erth      3%         N/A       22%         2
 Ensorcelled Hibernation  Hex/Ice        2%         N/A       34%         2
 Sublimation of Blood     Necr           1%         N/A       34%         2
 Stone Arrow              Conj/Erth      2%         3d7       56%         3
 Ice Form                 Ice/Tmut       4%         N/A       83%         4
 Petrify                  Tmut/Erth      4%         N/A       83%         4
 Anguish                  Hex/Necr       0%         N/A       92%         4
 Irradiate                Conj/Tmut      2%         3d12      99%         5


Dungeon Overview and Level Annotations

Branches:
Dungeon (3/15)

Altars:
Cheibriados


Innate Abilities, Weirdness & Mutations

You have temporarily grown beastly horns and talons.
You are too large for most types of armour.
You have tough skin. (AC +1)


Message History

Robin hits you with a +0 mace.
* * * LOW HITPOINT WARNING * * *
Unknown command.
Unknown command.
Unknown command.
Okay, then.
Unknown command.
You barely miss Robin.
Robin is almost dead.
The goblin hits you with a +0 dagger.
* * * LOW HITPOINT WARNING * * *
The hobgoblin misses you.
A goblin comes into view. It is wielding a +0 dagger.
Robin roars a battlecry!
The goblin goes into a battle-frenzy!
Unknown command.
Unknown command.
You hit Robin.
You feel a bit better.
You kill Robin!
You howl as the wereblood boils in your veins!
The hobgoblin misses you. The goblin hits you with a +0 dagger.
* * * LOW HITPOINT WARNING * * *
Your Transmutations skill increases to level 2!
Unknown command.
Unknown command.
Unknown command.
You barely miss the goblin. The giant cockroach closely misses you.
The hobgoblin hits you.
* * * LOW HITPOINT WARNING * * *
The goblin closely misses you.
Unknown command.
Unknown command.
Unknown command.
It was a potion of attraction.
You feel attractive to monsters.
The hobgoblin no longer looks unusually strong.
The giant cockroach closely misses you. The hobgoblin hits you.
* * * LOW HITPOINT WARNING * * *
The goblin hits you with a +0 dagger.
You die...

#..... # #####.. ..
## #.....# .g ..
#.##### #. .## #.#
#.. .. #.# #...####
#.###.# # #.gggB####
#..#..#####
#...###g@g.##
##.#....... #..
#####..###.......[..
#
#...........##......
#..######.#..##......
#. #..>.........
##.##.#......
..##.#......
..###........ ###
#......#


You could see a giant cockroach, 3 hobgoblins and 2 goblins.

Vanquished Creatures
  Sigmund (D:2)
  Robin (D:3)
  5 adders (D:2)
  2 dart slugs
  9 bats
  4 endoplasms
  5 giant cockroaches (D:1)
  5 hobgoblins
  2 jackals (D:1)
  7 kobolds
  5 quokkas
  12 ball pythons
  3 frilled lizards
  14 goblins
  4 rats
79 creatures vanquished.

Notes
Turn   | Place    | Note
-------+----------+-------------------------------------------
     0 | D:1      | ZappyNine the Ogre Transmuter began the quest for the Orb.
     0 | D:1      | Reached XP level 1. HP: 19/19 MP: 3/3
   209 | D:1      | Reached XP level 2. HP: 29/29 MP: 3/5
   282 | D:1      | Learned a level 2 spell: Wereblood
   347 | D:1      | Found a faded altar of an unknown god.
   410 | D:1      | Reached XP level 3. HP: 37/37 MP: 4/6
   585 | D:1      | Learned a level 3 spell: Spider Form
   939 | D:2      | Reached XP level 4. HP: 44/48 MP: 7/7
   955 | D:2      | Reached skill level 1 in Poison Magic
  1279 | D:2      | Noticed Sigmund
  1309 | D:2      | Killed Sigmund
  1310 | D:2      | Reached XP level 5. HP: 19/54 MP: 8/8
  1310 | D:2      | Reached XP level 6. HP: 22/62 MP: 9/9
  2110 | D:3      | Found a snail-covered altar of Cheibriados.
  2449 | D:3      | Noticed Robin
  2469 | D:3      | Killed Robin
  2471 | D:3      | HP: 1/62 [hobgoblin[Robin] (3)]
  2471 | D:3      | Slain by a goblin

Illustrated notes

Levels and vault maps discovered:
D:1:      evilmike_arrival_plus, layout_basic,
          nicolae_ecumenical_snake_handling, minmay_worlds_worst_comb
D:2:      layout_basic, minmay_increasing_density, uniq_sigmund
D:3:      layout_rooms, mainiacjoe_overflow_chevrons, uniq_terence, uniq_robin

Skill      XL: |  1  2  3  4  5  6 |
---------------+-------------------+-----
Fighting       | 2 3 |  3.9
Unarmed Combat | 3 |  3.1
Dodging        | 2 3 |  3.7
Poison Magic   | 2 |  2.9
Transmutations | 2 |  2.0
Spellcasting   | |  2.4

Action                     |  1- 3 |  4- 6 || total
---------------------------+-------+-------++-------
  Melee: Unarmed           |   118 |   103 ||   221
         Headbutt          |     9 |     4 ||    13
         Kick              |    15 |     5 ||    20
         Punch             |     1 |     1 ||     2
   Cast: Beastly Appendage |    15 |     6 ||    21
         Wereblood         |     1 |     3 ||     4
         Spider Form       |       |     9 ||     9
    Use: Potion            |       |     2 ||     2
   Stab: Sleeping          |     1 |       ||     1
 Armour: Robe              |    39 |    27 ||    66
         Skin              |       |     5 ||     5
  Dodge: Dodged            |    64 |    71 ||   135

Table legend: (Time is in decaauts)
 A = Elapsed time spent in this place.
 B = Non-inter-level travel time spent in this place.
 C = Inter-level travel time spent in this place.
 D = Time resting spent in this place.
 E = Time spent auto-exploring this place.
 F = Levels seen in this place.
 G = Mean time per level.
                   A        B        C        D        E       F      G
               +--------+--------+--------+--------+--------+-----+--------+
         Total |   2456 |   2428 |     28 |    536 |   1344 |   3 |  818.7 |
       Dungeon |   2456 |   2428 |     28 |    536 |   1344 |   3 |  818.7 |
               +--------+--------+--------+--------+--------+-----+--------+

Top non-repeatable levels by time:
     D:2: 1316 daAuts
     D:1: 781 daAuts
     D:3: 358 daAuts
